 Dungeon Crawl Stone Soup version 0.19.5 (webtiles) character file.

1115 Laauton the Chopper (level 8, 0/49 HPs)
             Began as a Gargoyle Berserker on Mar 9, 2017.
             Was an Elder of Trog.
             Slain by a sky beast (1 damage)
             ... on level 7 of the Dungeon.
             The game lasted 00:04:23 (5510 turns).

Laauton the Chopper (Gargoyle Berserker)            Turns: 5510, Time: 00:04:24

Health: 0/49       AC: 23    Str: 24    XL:     8   Next: 34%
Magic:  8/8        EV:  8    Int:  7    God:    Trog [****..]
Gold:   412        SH:  6    Dex:  9    Spells: 0 memorised, 7 levels left

rFire  + . .     SeeInvis .     Y - +0 hand axe
rCold  . . .     Gourm    .     J - +0 chain mail
rNeg   + . .     Faith    +     y - +2 buckler {AC+3}
rPois  ∞         Spirit   .     I - +0 helmet (curse)
rElec  +         Reflect  .     E - +0 cloak
rCorr  +         Harm     .     q - +1 pair of gloves
MR     .....                    o - +0 pair of boots
Stlth  ..........               t - amulet of faith
                                s - ring of protection from fire
                                i - ring of resist corrosion

@: exhausted, about to teleport, slowed, very slow
A: negative energy resistance 1, electricity resistance, unbreathing,
petrification resistance, rot immunity, AC +5
a: Berserk, Trog's Hand, Brothers in Arms, Burn Spellbooks, Renounce Religion


You were on level 7 of the Dungeon.
You worshipped Trog.
Trog was greatly pleased with you.
You were hungry.

You visited 1 branch of the dungeon, and saw 7 of its levels.

You collected 412 gold pieces.


Innate Abilities, Weirdness & Mutations

You are resistant to torment.
Your stone body is resilient. (AC +5)
You are immune to poison.
You resist negative energy. (rN+)
You are resistant to electric shocks. (rElec)
You can survive without breathing.
You are immune to petrification.
You are immune to rotting.


   Skills:
 - Level 5.1 Fighting
 + Level 7.0 Axes
 - Level 4.2 Armour
 - Level 1.5 Dodging
 - Level 4.3 Shields


You had 7 spell levels left.
You didn't know any spells.

Inventory:

Hand Weapons
 h - a +0 morningstar
 Y - a +0 hand axe (weapon)
Missiles
 u - 18 tomahawks (quivered)
Armour
 o - a +0 pair of boots (worn)
 q - a +1 pair of gloves (worn)
 y - a +2 buckler of protection (worn)
 E - a +0 cloak (worn)
 I - a cursed +0 helmet (worn)
 J - a +0 chain mail (worn)
Jewellery
 i - a ring of resist corrosion (left hand)
 s - a ring of protection from fire (right hand)
 t - an amulet of faith (around neck)
Wands
 a - a wand of teleportation (2/9)
Scrolls
 m - 4 scrolls of identify
 p - 2 scrolls of noise {unknown}
 G - a scroll of teleportation
Potions
 b - a potion of cure mutation
 f - a potion of haste
 j - a potion of lignification {unknown}
 k - a potion of resistance {unknown}
 l - a potion of experience {unknown}
 n - a potion of cancellation {unknown}
 v - a potion of mutation {unknown}
 x - a potion of might {unknown}
 A - a potion of brilliance {unknown}
 B - a potion of magic {unknown}
 C - a potion of degeneration {unknown}
 D - a potion of curing {unknown}
 K - a potion of beneficial mutation {unknown}
Comestibles
 c - 5 bread rations
 d - 2 chunks of flesh
 e - 2 beef jerkies
 g - 6 meat rations
 r - 2 slices of pizza
 w - 6 fruits

Dungeon Overview and Level Annotations

Branches:
Dungeon (7/15)
 Temple: D:4-7

Altars:
Vehumet

Shops:
D:6 }:


Message History

You feel much better.
The orc moves out of view.
Something hits you but does no damage. x2
You miss something.
A sky beast appears from thin air!
Reactivating autopickup.
The sky beast hits you but does no damage.
5509 ||| ZAPPING wand of teleportation (3/9).
Evoke which item? (* to show all) (? for menu, Esc to quit)
Zapping:
a - a wand of teleportation (3/9)
Press: ? - help, Shift-Dir - straight line, f - you You feel strangely unstable.
This wand has 2 charges left.
The sky beast hits you but does no damage.
The orc priest invokes the aid of Beogh against you.
Beogh smites you!
The orc priest invokes the aid of Beogh against you.
Beogh smites you! You block the sky beast's attack.
You hit the sky beast.
The sky beast is almost dead.
The sky beast hits you. The sky beast shocks you. You resist.
You die... #....... .#. #....... .o. #(...... # ... ooo

#...(... .. #.. #o# ##......
#. #.### #o# ##...... #.##.#.
#{# #....... ....< #Y#
#....... #####...#
###@#########.......
......#.##
#...#...............
##...#####.###.#######.......
#..#....#......# #.......
##.#####.....#### #.#.....
####.......>)..## #.######
......######..## ##.#
##....## #....#### ##..#
##.....# #.##....#### #..##


You could see a sky beast, 2 orc priests, an orc wizard and 3 orcs.

Vanquished Creatures
  An orc warrior (D:6)
  A sky beast (D:7)
  A centaur (D:7)
  3 bullfrogs
  A scorpion (D:5)
  3 crimson imps
  2 orc priests (D:7)
  2 orc wizards
  2 iguanas
  3 worker ants
  2 worker ant zombies
  10 gnolls
  3 adders
  An ooze (D:2)
  4 worms
  A dart slug (D:1)
  3 leopard geckos
  8 orcs
  8 bats
  7 giant cockroaches
  5 goblins
  13 hobgoblins
  8 jackals
  8 kobolds
  5 quokkas
  4 ball pythons
  3 frilled lizards
  A quokka skeleton (D:4)
  7 rats
120 creatures vanquished.

Notes
Turn   | Place    | Note
-------+----------+-------------------------------------------
     0 | D:1      | Laauton the Gargoyle Berserker began the quest for the Orb.
     0 | D:1      | Reached XP level 1. HP: 14/14 MP: 1/1
     0 | D:1      | 0 ||| counter = 102
   133 | D:1      | Reached skill level 3 in Axes
   192 | D:1      | 192 ||| INVOKING Berserk.
   333 | D:1      | Reached XP level 2. HP: 19/19 MP: 2/2
   641 | D:1      | Reached XP level 3. HP: 22/23 MP: 3/3
   866 | D:1      | 866 ||| UPGRADING to scale mail.
   876 | D:1      | 876 ||| DROPPING +0 animal skin.
   877 | D:1      | 877 ||| UPGRADING to pair of glowing gloves.
   882 | D:1      | 882 ||| READING 3 scrolls labeled YCREHO DO XEQI.
   883 | D:1      | 883 ||| READING scroll labeled EPUVANT DINA.
   884 | D:1      | 884 ||| READING scroll labeled PYISHR QADDUA.
   885 | D:1      | 885 ||| READING scroll labeled ZUJATO QIRPHOJE.
   886 | D:1      | 886 ||| DROPPING 2 scrolls of fog.
   901 | D:2      | 901 ||| STAIRDANCE
   932 | D:2      | 932 ||| INVOKING Berserk.
   936 | D:2      | Reached skill level 4 in Axes
   997 | D:2      | 997 ||| DROPPING club.
  1047 | D:2      | 1047 ||| INVOKING Berserk.
  1048 | D:2      | Reached ** piety under Trog
  1051 | D:2      | Reached XP level 4. HP: 28/28 MP: 4/4
  1108 | D:2      | 1108 ||| INVOKING Berserk.
  1384 | D:2      | Reached skill level 5 in Axes
  1388 | D:2      | Reached XP level 5. HP: 32/32 MP: 5/5
  1624 | D:2      | 1624 ||| READING scroll labeled LEISEUXTUO.
  1625 | D:2      | 1625 ||| READING scroll labeled QETTIS XATA.
  2480 | D:3      | Reached *** piety under Trog
  2545 | D:3      | Found a radiant altar of Vehumet.
  2658 | D:3      | 2658 ||| UPGRADING to pair of boots.
  2674 | D:3      | 2674 ||| READING 2 scrolls of identify.
  2674 | D:3      | 2674 ||| IDENTIFYING notched iron ring
  2675 | D:3      | 2675 ||| UPGRADING to ring of resist corrosion.
  2676 | D:3      | 2676 ||| READING scroll of identify.
  2676 | D:3      | 2676 ||| IDENTIFYING runed steel amulet
  2677 | D:3      | 2677 ||| UPGRADING to amulet of faith.
  2678 | D:3      | 2678 ||| DROPPING wand of flame.
  3166 | D:4      | 3166 ||| INVOKING Berserk.
  3169 | D:4      | Reached XP level 6. HP: 38/38 MP: 6/6
  3217 | D:4      | 3217 ||| DROPPING whip.
  3622 | D:4      | 3622 ||| READING scroll labeled TOQESHI BUEMA.
  3623 | D:4      | 3623 ||| READING scroll labeled QOUMPEGGIA.
  3624 | D:4      | 3624 ||| READING 3 scrolls of identify.
  3624 | D:4      | 3624 ||| IDENTIFYING wand of teleportation
  3625 | D:4      | 3625 ||| READING 2 scrolls of identify.
  3625 | D:4      | 3625 ||| IDENTIFYING lumpy emerald potion
  3626 | D:4      | 3626 ||| DROPPING potion of berserk rage.
  3627 | D:4      | 3627 ||| DROPPING wand of iceblast.
  3628 | D:4      | 3628 ||| DROPPING wand of confusion.
  3665 | D:5      | Entered Level 5 of the Dungeon
  3733 | D:5      | Reached skill level 6 in Axes
  4000 | D:5      | 4000 ||| EATING 3 beef jerkies.
  4192 | D:5      | Reached XP level 7. HP: 43/43 MP: 7/7
  4489 | D:5      | 4489 ||| UPGRADING to cloak.
  4494 | D:5      | 4494 ||| UPGRADING to buckler.
  4499 | D:5      | 4499 ||| READING scroll labeled XEMNUG BAKHLYIM.
  4504 | D:5      | 4504 ||| READING scroll labeled BOCHOTSU TIANO.
  4505 | D:5      | 4505 ||| DRINKING 2 grey potions.
  4506 | D:5      | 4506 ||| DRINKING 2 fuming dark potions.
  4509 | D:5      | 4509 ||| READING 2 scrolls of identify.
  4509 | D:5      | 4509 ||| IDENTIFYING granite ring
  4510 | D:5      | 4510 ||| UPGRADING to ring of protection from fire.
  4511 | D:5      | 4511 ||| DROPPING potion of flight.
  4512 | D:5      | 4512 ||| DROPPING wand of lightning.
  4513 | D:5      | 4513 ||| DROPPING potion of ambrosia.
  4534 | D:5      | Reached skill level 1 in Shields
  4720 | D:6      | Found Tuadgh's Gadget Boutique.
  4767 | D:6      | 4767 ||| SHOPLISTING wand of digging (10/24) (364 gold, have 319).
  4858 | D:6      | 4858 ||| INVOKING Berserk.
  4863 | D:6      | Reached **** piety under Trog
  4863 | D:6      | Reached skill level 3 in Shields
  5039 | D:6      | Reached skill level 7 in Axes
  5175 | D:6      | Found Vaveugi's Book Boutique.
  5207 | D:6      | 5207 ||| UPGRADING to glowing buckler.
  5217 | D:6      | 5217 ||| DROPPING +0 buckler.
  5218 | D:6      | 5218 ||| UPGRADING to runed helmet.
  5223 | D:6      | 5223 ||| UPGRADING to chain mail.
  5233 | D:6      | 5233 ||| DROPPING +0 scale mail.
  5234 | D:6      | 5234 ||| READING scroll labeled XIEHUBB BUAKH.
  5235 | D:6      | 5235 ||| DRINKING 2 black potions.
  5236 | D:6      | 5236 ||| READING 4 scrolls of identify.
  5236 | D:6      | 5236 ||| IDENTIFYING blue potion
  5237 | D:6      | 5237 ||| READING 3 scrolls of identify.
  5237 | D:6      | 5237 ||| IDENTIFYING pink potion
  5238 | D:6      | 5238 ||| READING 2 scrolls of identify.
  5238 | D:6      | 5238 ||| IDENTIFYING golden potion
  5239 | D:6      | 5239 ||| DROPPING potion of invisibility.
  5251 | D:7      | 5251 ||| INVOKING Berserk.
  5264 | D:7      | Reached skill level 3 in Armour
  5303 | D:7      | 5303 ||| EATING 2 beef jerkies.
  5330 | D:7      | 5330 ||| INVOKING Burn Spellbooks.
  5375 | D:7      | Reached XP level 8. HP: 47/48 MP: 8/8
  5442 | D:7      | 5442 ||| INVOKING Burn Spellbooks.
  5494 | D:7      | 5494 ||| INVOKING Berserk.
  5497 | D:7      | HP: 17/72 [orc priest/divine providence (14)]
  5503 | D:7      | HP: 1/73 [orc priest/divine providence (14)]
  5507 | D:7      | 5507 ||| DRINKING potion of heal wounds.
  5509 | D:7      | 5509 ||| ZAPPING wand of teleportation (3/9).
  5509 | D:7      | HP: 3/49 [orc priest/divine providence (11)]
  5510 | D:7      | HP: 1/49 [sky beast (2)]
  5510 | D:7      | Slain by a sky beast

Vault maps used:
D:1:      lordsloth_arrival_two_stooges
D:3:      vehumet_crystals
D:4:      first_bread, supply_closet_lemuel
D:5:      minmay_gold_behind_fungi
D:6:      serial_shops, kennysheep_little_box, shop
D:7:      zin_academy, minmay_temple_entry_overgrown, uniq_prince_ribbit1

Skill      XL: |  1  2  3  4  5  6  7  8 |
---------------+-------------------------+-----
Axes           | 3 4 5 6 7 |  7.0
Fighting       | 4 5 |  5.1
Shields        | 4 |  4.3
Armour         | 3 4 |  4.2
Dodging        | |  1.5

Action                   |  1- 3 |  4- 6 |  7- 9 || total
-------------------------+-------+-------+-------++-------
Melee: Hand axe          |   112 |   279 |   143 ||   534
Throw: Tomahawk          |       |    24 |    14 ||    38
Invok: Berserk           |     3 |     2 |     3 ||     8
       Burn Spellbooks   |       |       |     2 ||     2
Evoke: Wand              |       |       |     1 ||     1
  Use: Scroll            |     4 |     8 |     7 ||    19
       Potion            |       |       |     4 ||     4
  Eat: Chunk             |     2 |    12 |     5 ||    19
       Beef jerky        |       |     1 |     1 ||     2
Armor: Animal skin       |    18 |       |       ||    18
       Scale mail        |    18 |   122 |    27 ||   167
       Chain mail        |       |       |    34 ||    34
Dodge: Dodged            |    60 |   128 |    46 ||   234
Block: Buckler           |       |       |    22 ||    22
